 Dungeon Crawl Stone Soup version 0.30.1-9-gdf580d7c3d (webtiles) character file.

Game seed: 270302990677703089

11 KittyFluff the Trooper (level 2, -2/28 HPs)
             Began as a Gargoyle Berserker on Oct 6, 2023.
             Was a Follower of Trog.
             Slain by a gnoll
             ... wielding a +0 spear
              (5 damage)
             ... on level 1 of the Dungeon.
             The game lasted 00:01:26 (317 turns).

KittyFluff the Trooper (Gargoyle Berserker)          Turns: 317, Time: 00:01:27

Health: -2/28      AC:  5    Str: 20    XL:     2   Next: 29%
Magic:  2/2        EV: 12    Int:  7    God:    Trog [*.....]
Gold:   45         SH:  0    Dex:  9    Spells: 1/1 levels left

rFire   . . .        a - +0 mace
rCold   . . .        (no shield)
rNeg    + . .        b - +0 animal skin
rPois   ∞            (no helmet)
rElec   +            (no cloak)
rCorr   .            (no gloves)
SInv    .            (no boots)
Will    .....        (no amulet) Stlth
                     (no ring)
HPRegen 0.24/turn    (no ring)
MPRegen 0.08/turn

%: no passive effects
@: berserking, very quick
A: sickness immunity, AC +2, negative energy resistance 1, electricity
resistance, torment resistance 1, petrification resistance
a: Renounce Religion, Berserk


You were on level 1 of the Dungeon.
You worshipped Trog.
Trog was aware of your devotion.
You visited 1 branch of the dungeon, and saw 1 of its levels.

You collected 45 gold pieces.

Inventory:

Hand Weapons
 a - a +0 mace (weapon)
Armour
 b - a +0 animal skin (worn)
Scrolls
 d - a scroll of vulnerability {unknown}
 e - 2 scrolls of teleportation {unknown}
Potions
 c - a potion of lignification {unknown}


   Skills:
 + Level 3.4 Fighting
 * Level 3.2 Maces & Flails
 * Level 2.5 Armour
 + Level 1.7 Dodging


You had one spell level left.
You didn't know any spells.
Your spell library was empty.

Dungeon Overview and Level Annotations

Branches:
Dungeon (1/15)

Altars:


Innate Abilities, Weirdness & Mutations

You are immune to sickness and miasma.
Your stone body is resilient. (AC +2)
You are immune to poison.
You resist negative energy. (rN+)
You are resistant to electric shocks. (rElec)
You are resistant to unholy torment.
You are immune to petrification.


Message History

You barely miss the bat. The bat hits you but does no damage.
The bat barely misses you.
You closely miss the bat. The bat barely misses you.
The bat closely misses you.
You barely miss the bat. The bat misses you.
The bat hits you but does no damage.
You hit the bat.
The bat is moderately wounded.
The bat hits you. The bat barely misses you.
You hit the bat.
The bat is severely wounded.
The bat hits you. The bat hits you but does no damage.
The bat barely misses you.
You sock the bat!
You kill the bat!
Trog accepts your kill.
e - a scroll labelled DACAIN YTYA You see here a bat corpse.
Found a scroll labelled DACAIN YTYA.
e - 2 scrolls labelled DACAIN YTYA (gained 1)
Found a stone staircase leading down.
A gnoll comes into view. It is wielding a +0 spear.
Found two stone staircases leading down.
The gnoll shouts!
The gnoll closely misses you.
A rat comes into view.
The gnoll hits you from afar with a +0 spear.
The gnoll hits you from afar with a +0 spear.
The gnoll hits you with a +0 spear.
You barely miss the gnoll. The gnoll hits you with a +0 spear.
* * * LOW HITPOINT WARNING * * *
You hit the gnoll but do no damage. The gnoll closely misses you.
You closely miss the gnoll. The gnoll hits you with a +0 spear.
* * * LOW HITPOINT WARNING * * *
The gnoll closely misses you.
A red film seems to cover your vision as you go berserk!
You feel yourself moving faster!
You feel mighty! The gnoll hits you with a +0 spear.
You die...

#...# #.# #.#
###.# #.##
#.# #.# #..#
#.# #.####.#
#.#
#...##.###.##
###>........#
.#
###.#####.#
#. #.# .# ..
#@# .# #g# .#
# ###r### .#
# #.....# .#
.# #....># .#
.. #.....# ..
#....... ..
#.....##. .#
#>....# .. #


You could see a gnoll and a rat.

Vanquished Creatures
  2 bats (D:1)
  An endoplasm (D:1)
  A giant cockroach (D:1)
  A hobgoblin (D:1)
  2 ball pythons (D:1)
  3 kobolds (D:1)
  A rat (D:1)
11 creatures vanquished.

Notes
Turn   | Place    | Note
-------+----------+-------------------------------------------
     0 | D:1      | KittyFluff the Gargoyle Berserker began the quest for the
                  | Orb.
     0 | D:1      | Reached XP level 1. HP: 14/14 MP: 1/1
    43 | D:1      | Found a faded altar of an unknown god.
    43 | D:1      | Noticed a shining eye
    50 | D:1      | Noticed a shining eye
    50 | D:1      | Noticed a shining eye
    50 | D:1      | Noticed an eye of devastation
   144 | D:1      | Reached XP level 2. HP: 16/19 MP: 2/2
   317 | D:1      | Slain by a gnoll

Illustrated notes

Levels and vault maps discovered:
D:1:      minmay_arrival_open_corners, layout_rooms,
          hellmonk_ecumenical_altar_watching_god

Action                     || total
---------------------------++-------
  Melee: Mace              ||    52
 Invoke: Berserk           ||     2
 Armour: Animal skin       ||    23
  Dodge: Dodged            ||    38
